 Dungeon Crawl Stone Soup version 0.25.1-1-g288607f5aa (webtiles) character file.

Game seed: 2031461823906992167

2708 toffzen the Cleaver (level 9, -5/72 HPs)
             Began as a Formicid Berserker on July 26, 2020.
             Was an Elder of Trog.
             Slain by a wyvern (11 damage)
             ... on level 9 of the Dungeon on July 28, 2020.
             The game lasted 00:23:16 (10150 turns).

toffzen the Cleaver (Formicid Berserker)           Turns: 10150, Time: 00:23:17

Health: -5/72      AC: 11    Str: 21    XL:     9   Next: 97%
Magic:  9/9        EV: 10    Int:  8    God:    Trog [****..]
Gold:   439        SH:  0    Dex: 13    Spells: 8/8 levels left

rFire    + . .     SeeInvis +   a - +1 war axe
rCold    . . .     Gourm    .   (no shield)
rNeg     . . .     Faith    .   m - +0 chain mail
rPois    .         Spirit   .   (helmet unavailable)
rElec    .         Reflect  .   (no cloak)
rCorr    .         Harm     .   y - +0 pair of gloves
MR       .....                  (no boots)
Stlth    ..........             (no amulet)
HPRegen  0.22/turn              e - ring of protection from fire
MPRegen  0.11/turn              (no ring)

@: mighty, lightly drained
A: permanent stasis, dig shafts and tunnels, four strong arms, antennae 3
a: Dig, Shaft Self, Trog's Hand, Brothers in Arms, Renounce Religion


You were on level 9 of the Dungeon.
You worshipped Trog.
Trog was greatly pleased with you.
You were not hungry.

You visited 1 branch of the dungeon, and saw 9 of its levels.

You collected 439 gold pieces.

Inventory:

Hand Weapons
 a - a +1 war axe (weapon)
Missiles
 d - 139 stones
 k - 17 poisoned darts (quivered)
 s - 3 throwing nets
Armour
 m - a +0 chain mail (worn)
 y - a +0 pair of gloves (worn)
Jewellery
 e - a ring of protection from fire (left hand)
 v - an uncursed ring of fire
Wands
 u - a wand of flame (13)
Scrolls
 f - 2 scrolls of enchant weapon
 g - a scroll of noise {unknown}
 h - a scroll of fog
 i - a scroll of fear
 o - 2 scrolls of identify
 w - a scroll of remove curse {unknown}
Potions
 b - 3 potions of might
 j - a potion of mutation
 l - 2 potions of curing
 n - a potion of cancellation
 p - a potion of ambrosia
 q - a potion of flight
 r - a potion of stabbing
 z - a potion of degeneration {unknown}
 A - a potion of lignification {unknown}
Comestibles
 c - 6 rations


   Skills:
 + Level 7.0(6.7) Fighting
 * Level 8.7(8.3) Axes
 + Level 6.6(6.2) Armour
 + Level 5.6(5.2) Dodging


You had 8 spell levels left.
You didn't know any spells.
Your spell library was empty.

Dungeon Overview and Level Annotations

Branches:
Dungeon (8/15)             Temple (0/1) D:6            Lair (0/6) D:8

Altars:
Gozag
Hepliaklqana
Qazlal
Ru
Sif Muna
Uskayaw
Wu Jian
Zin
The Shining One

Shops:
D:8 !

Annotations:
D:2 Sigmund
D:3 Grinder
D:5 4 runed translucent doors
D:8 Erica


Innate Abilities, Weirdness & Mutations

You cannot be hasted, slowed, berserked, paralysed or teleported.
You can dig through walls and to a lower floor.
Your four strong arms can wield two-handed weapons with a shield.
You have a pair of large antennae on your head. (SInv)


Message History

The wyvern misses you.
You closely miss the wyvern.
The wyvern is heavily wounded.
The wyvern bites you but does no damage.
The wyvern bites you!
* * * LOW HITPOINT WARNING * * *
You feel much better. The wyvern barely misses you. The wyvern bites you.
* * * LOW HITPOINT WARNING * * *
You feel very mighty all of a sudden. The wyvern bites you!
* * * LOW HITPOINT WARNING * * *
You barely miss the wyvern.
The wyvern is heavily wounded.
The wyvern bites you.
* * * LOW HITPOINT WARNING * * *
The wyvern bites you but does no damage.
You slash the wyvern!
The wyvern is almost dead.
The wyvern bites you!
You die...

#....# ##...#
##.#.#.##
#l##.##.###
#.##......#######
#.#####.#.##..>..
##.###.##....####
##l#...########
#@###### ###


You could see a wyvern.

Vanquished Creatures
  A hungry ghost (D:9)
  Edmund (D:5)
  A sky beast (D:8)
  3 phantoms
  A necrophage (D:5)
  A centaur (D:5)
  An ogre (D:5)
  5 bullfrogs
  5 wights (D:6)
  3 howler monkeys
  A crimson imp (D:5)
  A quasit (D:6)
  A centaur zombie (D:5)
  4 orc priests
  2 hounds
  3 jellies
  5 orc wizards
  3 iguanas
  5 worker ants
  A hound zombie (D:5)
  A howler monkey skeleton (D:8)
  3 worker ant zombies
  18 gnolls
  10 adders
  3 shadow imps
  3 oozes
  2 adder skeletons (D:4)
  3 adder zombies
  A worm (D:2)
  10 dart slugs (D:6)
  3 leopard geckos
  30 orcs
  A ball python (D:6)
  3 bats
  7 giant cockroaches
  2 hobgoblins (D:1)
  12 jackals
  7 frilled lizards
  A jackal skeleton (D:5)
  5 kobolds
  A leopard gecko skeleton (D:5)
  A leopard gecko zombie (D:7)
  5 rats
180 creatures vanquished.

Vanquished Creatures (others)
  3 plants (D:8)
3 creatures vanquished.

Grand Total: 183 creatures vanquished

Notes
Turn   | Place    | Note
-------+----------+-------------------------------------------
     0 | D:1      | toffzen the Formicid Berserker began the quest for the Orb.
     0 | D:1      | Reached XP level 1. HP: 18/18 MP: 1/1
   137 | D:1      | Reached XP level 2. HP: 24/24 MP: 2/2
   351 | D:1      | Reached XP level 3. HP: 16/29 MP: 3/3
   583 | D:1      | Reached ** piety under Trog
  1002 | D:2      | Found an ornate altar of the Wu Jian Council.
  1203 | D:2      | Noticed Sigmund
  1206 | D:2      | You fall into a shaft and drop 2 floors!
  1288 | D:4      | Reached XP level 4. HP: 37/37 MP: 4/4
  1352 | D:4      | Reached skill level 4 in Axes
  1431 | D:4      | Reached XP level 5. HP: 42/42 MP: 5/5
  1724 | D:4      | Reached XP level 6. HP: 18/48 MP: 6/6
  2389 | D:4      | Reached skill level 5 in Axes
  2605 | D:3      | Noticed Grinder
  2623 | D:3      | You fall into a shaft and drop 3 floors!
  2629 | D:5      | Entered Level 5 of the Dungeon
  2629 | D:5      | Found a large runed translucent door.
  2629 | D:5      | Found a large runed translucent door.
  2630 | D:5      | Noticed an ogre
  2636 | D:5      | Reached XP level 7. HP: 45/55 MP: 7/7
  2796 | D:5      | Found a large runed translucent door.
  2796 | D:5      | Found a large runed translucent door.
  3017 | D:5      | Reached skill level 5 in Fighting
  3556 | D:4      | Reached XP level 8. HP: 62/62 MP: 8/8
  3561 | D:4      | Reached skill level 6 in Axes
  3616 | D:3      | Found a glowing golden altar of the Shining One.
  4077 | D:5      | Reached *** piety under Trog
  4200 | D:5      | Reached skill level 5 in Armour
  4487 | D:5      | Noticed Edmund
  4505 | D:5      | Killed Edmund
  4505 | D:5      | Reached skill level 7 in Axes
  4849 | D:5      | Reached XP level 9. HP: 65/69 MP: 9/9
  4999 | D:5      | Found an opulent altar of Gozag.
  5719 | D:6      | Found a staircase to the Ecumenical Temple.
  5757 | D:6      | Reached skill level 5 in Dodging
  6159 | D:6      | Reached skill level 8 in Axes
  6624 | D:6      | Reached **** piety under Trog
  7499 | D:6      | Found a glowing golden altar of the Shining One.
  8736 | D:8      | Noticed Erica
  9094 | D:8      | Found a hazy altar of Hepliaklqana.
  9094 | D:8      | Found a hide-covered altar of Uskayaw.
  9094 | D:8      | Found a stormy altar of Qazlal.
  9094 | D:8      | Found a shimmering blue altar of Sif Muna.
  9273 | D:8      | Found a glowing silver altar of Zin.
  9609 | D:8      | Found Rutite's Distillery.
  9678 | D:8      | Found a staircase to the Lair.
  9678 | D:8      | Noticed a komodo dragon
  9802 | D:8      | You fall into a shaft and drop 1 floor!
 10118 | D:9      | Found a sacrificial altar of Ru.
 10150 | D:9      | Slain by a wyvern

Illustrated notes

Levels and vault maps discovered:
D:1:      lightli_molten_gateway, layout_basic, minmay_worlds_worst_comb
D:2:      layout_loops_corners, lemuel_round_altar, serial_glass,
          glass_columns_b, glass_columns_a, kennysheep_generic_room_3,
          uniq_sigmund, uniq_natasha
D:3:      lemuel_upstairs_altar, layout_loops_ring, gup_sewer_entry_bowl,
          uniq_grinder, uniq_ijyb
D:4:      layout_gridville
D:5:      layout_loops_corners, nicolae_overflow_crystal_walls, first_ration,
          minmay_hollow_rounded_squares, uniq_edmund
D:6:      kennysheep_slugbush, layout_basic, nicolae_overflow_hidden_temple,
          minmay_temple_entry_glass
D:7:      layout_gridville
D:8:      layout_loops_cross, zin_academy, grunt_temple_overflow_cloverleaf,
          david_lair_shrubbed, basic_altar, serial_shops,
          nicolae_shop_window_shopping, st_stairs_3, uniq_harold, uniq_erica
D:9:      layout_loops_cross, grunt_temple_overflow_open,
          nicolae_dithmenos_through_a_glass_darkly, uniq_prince_ribbit1

Skill      XL: |  1  2  3  4  5  6  7  8  9 |
---------------+----------------------------+-----
Dodging        | 2 3 4 5 |  5.6
Axes           | 4 5 7 8 |  8.7
Armour         | 3 4 5 6 |  6.6
Fighting       | 4 5 6 7 |  7.0

Action                   |  1- 3 |  4- 6 |  7- 9 || total
-------------------------+-------+-------+-------++-------
Melee: Hand axe          |   100 |    69 |       ||   169
       War axe           |       |    54 |   581 ||   635
Throw: Stone             |     1 |     1 |     8 ||    10
       Dart              |       |       |     5 ||     5
Invok: Trog's Hand       |       |     3 |     4 ||     7
 Abil: Shaft Self        |     1 |       |     1 ||     2
       Dig               |       |     1 |    15 ||    16
  Use: Scroll            |       |     1 |    16 ||    17
       Potion            |       |       |     3 ||     3
 Stab: Sleeping          |     2 |       |       ||     2
       Distracted        |       |       |     1 ||     1
  Eat: Chunk             |     2 |     4 |    13 ||    19
       Ration            |       |       |     7 ||     7
Armor: Animal skin       |    21 |       |       ||    21
       Ring mail         |    14 |     2 |       ||    16
       Chain mail        |       |    68 |   242 ||   310
Dodge: Dodged            |    72 |    64 |   251 ||   387
